 Dungeon Crawl Stone Soup version 0.31.0-32-g396128a36d (webtiles) character file.

Game seed: 1107759572620203808

823 anver83 the Slasher (level 7, -2/48 HPs)
             Began as a Demonspawn Wanderer on Apr 13, 2024.
             Slain by a white imp (5 damage)
             ... on level 5 of the Dungeon.
             The game lasted 00:17:19 (3602 turns).

anver83 the Slasher (Demonspawn Wanderer)           Turns: 3602, Time: 00:17:20

Health: -2/48      AC:  3    Str: 18    XL:     7   Next: 63%
Magic:  12/12      EV: 15    Int: 15    God:
Gold:   147        SH:  0    Dex: 12    Spells: 9/13 levels left

rFire   . . .        a - +3 falchion
rCold   . . .        (no shield)
rNeg    . . .        d - +1 robe
rPois   .            (helmet restricted)
rElec   .            (no cloak)
rCorr   .            (no gloves)
SInv    .            (no boots)
Will    +....        (no amulet)
Stlth   ++           g - +6 ring of strength
HPRegen 0.28/turn    h - ring of willpower
MPRegen 0.26/turn

%: no passive effects
@: no status effects
A: repulsion field 2, spiny 2, magic regeneration, hooves 1, horns 1
a: no special abilities


You were on level 5 of the Dungeon.
You visited 1 branch of the dungeon, and saw 5 of its levels.

You collected 147 gold pieces.

Inventory:

Hand Weapons
 a - a +3 falchion (weapon)
Missiles
 k - a throwing net
Armour
 d - a +1 robe (worn)
Jewellery
 g - a +6 ring of strength (left hand)
 h - a ring of willpower (right hand)
 j - a ring of wizardry
 r - a +6 ring of dexterity
Wands
 b - a wand of flame (6)
 l - a wand of polymorph (8)
 q - a wand of iceblast (12)
Scrolls
 c - a scroll of teleportation
 o - a scroll of enchant weapon
 p - a scroll of enchant armour
Potions
 e - 2 potions of lignification
 f - 2 potions of curing
 i - a potion of berserk rage {unknown}
 m - a potion of attraction {unknown}
 n - a potion of heal wounds {unknown}
 s - a potion of invisibility {unknown}
 t - a potion of enlightenment {unknown}


   Skills:
 + Level 1.4 Fighting
 + Level 5.4 Long Blades
 + Level 1.0 Armour
 + Level 1.7 Dodging
 + Level 3.2 Stealth
 + Level 0.2 Unarmed Combat
 + Level 3.5 Spellcasting
 + Level 4.4 Summonings
 + Level 0.5 Ice Magic
 + Level 1.0 Evocations


You had 9 spell levels left.
You knew the following spells:

 Your Spells              Type           Power      Damage    Failure   Level
a - Summon Small Mammal   Summ           60%        N/A       3%          1
b - Summon Ice Beast      Ice/Summ       10%        N/A       21%         3

Your spell library contained the following spells:

 Spells                   Type           Power      Damage    Failure   Level
 Ensorcelled Hibernation  Hex/Ice        6%         N/A       26%         2
 Ozocubu's Armour         Ice            4%         N/A       41%         3
 Fugue of the Fallen      Necr           2%         N/A       50%         3
 Passwall                 Erth           2%         N/A       50%         3
 Swiftness                Air            2%         N/A       50%         3
 Manifold Assault         Tloc           2%         N/A       88%         4
 Summon Mana Viper        Hex/Summ       9%         N/A       91%         5
 Monstrous Menagerie      Summ           7%         N/A       100%        7


Dungeon Overview and Level Annotations

Branches:
Dungeon (5/15)
 Temple: D:4-7

Altars:
Qazlal

Shops:
D:5 *


Innate Abilities, Weirdness & Mutations

You are surrounded by a moderate repulsion field. (EV +3)
You are mostly covered in sharp spines.
You regenerate magic rapidly.
You have large cloven feet.
You have a pair of small horns on your head.


Message History

You can't go down here!
You can't go down here!
Casting: Summon Ice Beast (dangerous; 22% risk of failure)
Confirm with . or Enter, or press ? or * to list all spells.
A chill wind blows around you.
Found 8 stones.
Menkaure giggles, "These cerements are ticklish..."
A white imp comes into view.
The white imp shouts, "Scamper away, thou clouted fat-kidneyed bladder!"
Menkaure calls on the powers of darkness!
Your body is wracked with pain!
Your ice beast convulses!
The white imp gestures at you. The puff of frost misses you.
Your ice beast hits Menkaure.
Your ice beast freezes Menkaure.
Menkaure resists.
Your ice beast completely misses Menkaure.
Menkaure hits you!!
* * * LOW HITPOINT WARNING * * *
Your ice beast hits Menkaure.
Your ice beast freezes Menkaure.
Menkaure resists.
Menkaure attacks as he pursues you! Menkaure is struck by your spines.
Menkaure completely misses you. The white imp gestures at you.
The puff of frost misses you.
Your ice beast hits Menkaure.
Your ice beast freezes Menkaure.
Menkaure resists.
Menkaure is destroyed!
The white imp shouts, "Leave, thou ducking fly-bitten crab-lanthorn!"
The white imp hits you but does no damage.
You barely miss the white imp.
You headbutt the white imp, but do no damage.
The white imp gestures at you. The puff of frost misses you.
Your ice beast closely misses the white imp.
You hit the white imp. Your kick misses the white imp.
The white imp is heavily wounded.
The white imp is struck by your spines. The white imp hits you.
* * * LOW HITPOINT WARNING * * *
The white imp freezes you.
You die...

#### .# # ..####.##
####### ....(....
#...... #....... #......
#..... #......
########..# #+# #......
..........# #.# #......
.......Y..# #.# #......
......5@..###.# #......
..............# #......
..........##..# #...(..
..........##..## #......
..........###..#####.#.#
..........# #........#.#
#######.......#####.....
#.......# ##....
#.......# #....


You could see a white imp (ally target) and a friendly ice beast (summoned).

Vanquished Creatures
  Grinder (D:4)
  A water moccasin (D:5)
  A phantom (D:4)
  A howler monkey (D:4)
  A bombardier beetle (D:4)
  Jessica (D:2)
  Natasha (thrice) (D:2)
  An orc wizard (D:5)
  Robin (D:2)
  A gnoll (D:1)
  2 adders (D:2)
  A dart slug (D:2)
  4 orcs
  3 ball pythons
  2 bats
  2 endoplasms
  3 giant cockroaches
  11 goblins
  3 hobgoblins
  7 kobolds
  A quokka (D:1)
  6 frilled lizards
  10 rats
67 creatures vanquished.

Vanquished Creatures (collateral kills)
  Menkaure (D:5)
  An adder (D:4)
  4 orcs
  2 ball pythons (D:4)
  3 endoplasms (D:1)
  A goblin (D:4)
  2 kobolds (D:4)
14 creatures vanquished.

Grand Total: 81 creatures vanquished

Notes
Turn   | Place    | Note
-------+----------+-------------------------------------------
     0 | D:1      | anver83 the Demonspawn Wanderer began the quest for the
                  | Orb.
     0 | D:1      | anver83 set off with the following items: a +2 falchion, a
                  | wand of flame (6), a scroll of teleportation, a +0 robe;
                  | and the following spell memorised: Summon Small Mammal; and
                  | the following spells available to memorise: Summon Ice
                  | Beast.
     0 | D:1      | Reached XP level 1. HP: 13/13 MP: 2/2
    22 | D:1      | Reached skill level 3 in Long Blades
    22 | D:1      | Gained mutation: You regenerate magic rapidly. [demonic
                  | ancestry]
    22 | D:1      | Reached XP level 2. HP: 19/19 MP: 3/3
   641 | D:1      | Gained mutation: You are partially covered in sharp spines.
                  | [demonic ancestry]
   641 | D:1      | Reached XP level 3. HP: 24/24 MP: 4/4
   865 | D:2      | Noticed Natasha
   880 | D:2      | Learned a level 3 spell: Summon Ice Beast
   915 | D:2      | Killed Natasha
  1027 | D:2      | Gained mutation: You are weak. (Str -2) [potion of
                  | mutation]
  1027 | D:2      | Gained mutation: You are somewhat resistant to further
                  | mutation. [potion of mutation]
  1028 | D:2      | Lost mutation: You are weak. (Str -2) [potion of mutation]
  1028 | D:2      | Lost mutation: You are somewhat resistant to further
                  | mutation. [potion of mutation]
  1028 | D:2      | Gained mutation: You have an increased reservoir of magic.
                  | (+10% MP) [potion of mutation]
  1028 | D:2      | Gained mutation: You passively map a small area around you.
                  | [potion of mutation]
  1029 | D:2      | Lost mutation: You passively map a small area around you.
                  | [potion of mutation]
  1029 | D:2      | Lost mutation: You have an increased reservoir of magic.
                  | (+10% MP) [potion of mutation]
  1029 | D:2      | Gained mutation: You have a pair of small horns on your
                  | head. [potion of mutation]
  1029 | D:2      | Gained mutation: You have large cloven feet. [potion of
                  | mutation]
  1081 | D:2      | Noticed Natasha
  1129 | D:2      | Killed Natasha
  1130 | D:2      | Gained mutation: You are surrounded by a mild repulsion
                  | field. (EV +2) [demonic ancestry]
  1130 | D:2      | Reached XP level 4. HP: 30/30 MP: 4/6
  1308 | D:2      | Noticed Jessica
  1315 | D:2      | Killed Jessica
  1349 | D:2      | Found a stormy altar of Qazlal.
  1360 | D:2      | Noticed Natasha
  1490 | D:2      | Killed Natasha
  1491 | D:2      | Gained mutation: You are surrounded by a moderate repulsion
                  | field. (EV +3) [demonic ancestry]
  1491 | D:2      | Reached XP level 5. HP: 25/35 MP: 8/8
  1764 | D:2      | Noticed Robin
  1776 | D:2      | Killed Robin
  2394 | D:4      | Noticed Grinder
  2422 | D:4      | Killed Grinder
  2423 | D:4      | Reached skill level 1 in Fighting
  2423 | D:4      | Reached skill level 4 in Long Blades
  2423 | D:4      | Reached skill level 1 in Dodging
  2423 | D:4      | Reached XP level 6. HP: 8/43 MP: 8/10
  2802 | D:4      | Gained mutation: You are mostly covered in sharp spines.
                  | [demonic ancestry]
  2802 | D:4      | Reached XP level 7. HP: 48/48 MP: 8/11
  2878 | D:4      | Reached skill level 5 in Long Blades
  3204 | D:5      | Entered Level 5 of the Dungeon
  3218 | D:5      | Found Sixzoido's General Store.
  3586 | D:5      | Noticed Menkaure
  3598 | D:5      | Killed Menkaure
  3602 | D:5      | Slain by a white imp

Illustrated notes

Levels and vault maps discovered:
D:1:      reono_arrival_forest_river, layout_basic
D:2:      layout_basic, basic_altar, uniq_natasha, uniq_jessica, uniq_robin
D:3:      layout_basic, minmay_cut_off
D:4:      layout_loops_ring, uniq_grinder
D:5:      layout_basic, serial_shops, nicolae_shop_trees, uniq_menkaure

Skill      XL: |  1  2  3  4  5  6  7 |
---------------+----------------------+-----
Long Blades    | 3 4 5 |  5.4
Spellcasting   | 2 3 |  3.5
Fighting       | 1 |  1.4
Dodging        | 1 |  1.7
Stealth        | 2 3 |  3.2
Summonings     | 4 |  4.4
Armour         | |  1.0
Unarmed Combat | |  0.2
Ice Magic      | |  0.5
Evocations     | |  1.0

Action                     |  1- 3 |  4- 6 |  7- 9 || total
---------------------------+-------+-------+-------++-------
  Melee: Falchion          |    57 |    62 |    14 ||   133
         Unarmed           |     2 |     2 |       ||     4
         Kick              |       |    15 |     3 ||    18
         Headbutt          |       |     7 |     3 ||    10
   Cast: Summon Small Mamm |    22 |     5 |     1 ||    28
         Summon Ice Beast  |       |     2 |     4 ||     6
    Use: Scroll            |     4 |     6 |     2 ||    12
         Potion            |     3 |     1 |       ||     4
   Stab: Sleeping          |     8 |     5 |     1 ||    14
 Armour: Robe              |    30 |    30 |    11 ||    71
         Skin              |     3 |     1 |       ||     4
  Dodge: Dodged            |    32 |    22 |     9 ||    63
